AoeStats
← AOKI_Shogi

MegaRandom

510405435Analyzed
4v4 RM · 2d ago on Sep 30, 2026· 55m 42s· 8 players
Game mode
Random Map
Map size
Large (8 player)
Population
200
Speed
Normal
Resources
Standard
Victory
Conquest
Starting age
Dark Age
Ending age
Imperial Age
RankedLock teamsTeams togetherTeam positionsShared explorationLock speedFull tech treeHidden civsTurbo modeCheats
Victory
Defeat
🇹🇷 Inca · Türkiye
1624
+10
🇨🇦 Mapuche · Canada
1611
+11
🇨🇳 Celts · China
1590
+11
🇪🇸 Saracens · Spain
1565
+12
🇲🇦 Vietnamese · Morocco
1615
-15
🇨🇭 Teutons · Switzerland
1502
-12
🇫🇷 Byzantines · France
1437
-9
🇫🇷 Armenians · France
1409
-8
milarreach
6:12 Loom
9:08 Feudal Age
14:08 Fletching
16:02 Padded Archer Armor
17:13 Double-Bit Axe
23:30 Castle Age
23:14 Town Watch
23:31 Gold Mining
23:30 Crossbowman
24:24 Bow Saw
24:33 Bodkin Arrow
26:53 Ballistics
27:10 Leather Archer Armor
27:33 Man-at-Arms
29:40 Wheelbarrow
29:40 Thumb Ring
36:43 Imperial Age
38:31 Chemistry
38:20 Bracer
38:59 Horse Collar
41:10 Arbalester
42:48 Ring Archer Armor
43:46 Onager
44:51 Siege Engineers
54:06 Capped Ram
imenek
7:48 Loom
10:27 Feudal Age
11:30 Double-Bit Axe
14:24 Fletching
14:34 Padded Archer Armor
24:09 Castle Age
21:56 Horse Collar
24:49 Bodkin Arrow
24:15 Crossbowman
25:52 Wheelbarrow
26:24 Ballistics
26:34 Elite Skirmisher
28:09 Leather Archer Armor
29:19 Bow Saw
31:34 Thumb Ring
36:06 Hand Cart
38:31 Imperial Age
36:00 Stone Mining
37:23 Town Watch
39:16 Arbalester
40:01 Bracer
41:05 Chemistry
42:17 Ring Archer Armor
42:48 Conscription
44:18 Forging
44:09 Scale Mail Armor
46:09 Iron Casting
46:15 Chain Mail Armor
48:10 Blast Furnace
47:21 Elite Kamayuk
49:52 Blast Furnace
49:24 Plate Mail Armor
49:54 Blast Furnace
52:07 Andean Sling
54:28 Fishing Lines
54:52 Caravan
55:02 Heavy Plow
54:53 Gold Mining
56:30 Crop Rotation
牛比无极限
8:49 Loom
11:05 Feudal Age
14:41 Wheelbarrow
13:54 Double-Bit Axe
14:49 Scale Barding Armor
15:55 Forging
24:49 Castle Age
25:04 Horse Collar
27:55 Bow Saw
31:33 Imperial Age
30:12 Heavy Plow
30:50 Hand Cart
33:01 Heavy Scorpion
35:34 Chemistry
35:49 Furor Celtica
36:00 Conscription
36:25 Capped Ram
39:33 Chemistry
38:11 Siege Ram
40:19 Siege Engineers
41:28 Guilds
41:32 Scale Mail Armor
42:07 Iron Casting
41:24 Onager
44:25 Siege Onager
44:33 Pikeman
44:59 Gambesons
45:33 Chain Mail Armor
46:18 Blast Furnace
45:48 Halberdier
47:04 Plate Mail Armor
52:53 Caravan
AnTeK
8:41 Loom
10:40 Feudal Age
15:05 Castle Age
12:56 Double-Bit Axe
13:37 Fletching
15:18 Horse Collar
15:46 Gold Mining
15:29 Pikeman
17:11 Horse Collar
17:47 Bodkin Arrow
20:45 Padded Archer Armor
22:08 Leather Archer Armor
24:28 Wheelbarrow
24:27 Bow Saw
28:04 Ballistics
31:39 Heavy Plow
36:16 Imperial Age
34:43 Forging
38:25 Ring Archer Armor
38:30 Iron Casting
39:49 Crop Rotation
39:57 Gold Shaft Mining
41:36 Blast Furnace
41:30 Elite Bolas Rider
44:22 Chemistry
44:49 Butalmapu
45:36 Conscription
45:33 Elite Kona
47:26 Malon
55:19 Caravan
AOKI_Shogi
6:26 Loom
9:25 Feudal Age
11:51 Double-Bit Axe
13:58 Fletching
16:50 Padded Archer Armor
19:53 Wheelbarrow
23:35 Castle Age
23:26 Gold Mining
23:39 Crossbowman
24:15 Bodkin Arrow
25:32 Leather Archer Armor
26:34 Ballistics
28:26 Town Watch
31:38 Hand Cart
32:01 Bow Saw
33:00 Horse Collar
34:19 Stone Mining
35:12 Gold Shaft Mining
39:17 Imperial Age
39:22 Onager
42:08 Chemistry
41:38 Bracer
43:20 Arbalester
44:31 Ring Archer Armor
44:05 Man-at-Arms
44:31 Gambesons
44:47 Scale Mail Armor
44:57 Forging
45:57 Block Printing
45:09 Long Swordsman
46:10 Two-Handed Swordsman
47:06 Chain Mail Armor
47:27 Iron Casting
47:02 Heavy Plow
47:17 Champion
48:28 Plate Mail Armor
48:36 Squires
48:22 Arson
50:44 Blast Furnace
50:40 Fereters
51:22 Caravan
54:24 Clinker Construction
Yarcla
5:08 Loom
10:02 Feudal Age
11:04 Double-Bit Axe
16:14 Scale Barding Armor
22:00 Castle Age
20:49 Forging
23:22 Chain Barding Armor
23:37 Iron Casting
23:36 Bow Saw
24:21 Horse Collar
24:59 Fletching
26:03 Husbandry
28:39 Gold Mining
30:09 Heavy Plow
34:23 Fishing Lines
37:09 Wheelbarrow
37:57 Gillnets
39:52 Gold Shaft Mining
39:56 Hand Cart
40:33 Fortified Wall
41:05 Stone Mining
42:47 Ballistics
42:23 Bodkin Arrow
45:48 Imperial Age
47:06 Plate Barding Armor
45:55 Cavalier
47:56 Crop Rotation
47:51 Conscription
48:26 Paladin
49:27 Light Cavalry
53:45 Hussar
BehCoY
5:06 Loom
10:03 Feudal Age
10:58 Double-Bit Axe
10:54 Horse Collar
21:34 Castle Age
19:42 Fishing Lines
22:01 Scale Barding Armor
21:56 Gold Mining
24:15 Gillnets
28:29 Wheelbarrow
28:06 Bow Saw
27:47 Stone Mining
27:59 Heavy Plow
28:28 Town Watch
32:00 Stone Shaft Mining
35:14 Imperial Age
35:21 Imperial Age
33:34 Hand Cart
35:13 Gambesons
35:28 Squires
34:49 Man-at-Arms
35:30 Scale Mail Armor
35:41 Forging
36:22 Cavalier
37:26 Chain Barding Armor
37:58 Iron Casting
37:35 Bloodlines
38:53 Crop Rotation
39:24 Two-Man Saw
40:32 Plate Barding Armor
42:07 Crenellations
42:56 Fletching
42:52 Paladin
43:33 Bodkin Arrow
46:02 Crenellations
47:27 Blast Furnace
46:54 Ballistics
46:41 Siege Engineers
47:36 Guard Tower
50:23 Chemistry
50:33 Keep
55:00 Guilds
54:49 Arrowslits
55:15 Masonry
Skrillll
10:03 Feudal Age
9:11 Loom
10:51 Loom
11:13 Double-Bit Axe
11:10 Horse Collar
14:39 Fletching
15:27 Horse Collar
20:17 Castle Age
22:12 Wheelbarrow
22:58 Bow Saw
23:42 Crossbowman
25:20 Elite Skirmisher
26:17 Bodkin Arrow
28:04 Padded Archer Armor
29:29 Fishing Lines
30:27 Ballistics
31:38 Thumb Ring
32:07 Gillnets
32:45 Leather Archer Armor
34:43 Stone Mining
34:44 Gold Mining
36:02 Hand Cart
39:08 Heavy Plow
41:54 Imperial Age
41:38 Chatras
42:03 Imperial Skirmisher
42:44 Bracer
43:15 Ring Archer Armor
43:49 Chemistry
42:16 Arbalester
47:00 Masonry
49:44 Scale Mail Armor
Connection lost

Rejoining the realm…

Still unreachable

The connection could not be restored.

Session expired

The server has moved on; the page needs a fresh start.